cohdb
Replays
Latest Replays
All Replays
Popular Replays
Top Player Replays
Match Explorer
How It Works
Community
CoH3 Stats
Reddit
Sign in to upload your games and track your stats! →
Sign in with Steam
FeriG vs Reakly 2 KT
Match 41014249
Overview
Messages
Build Orders
End
Engineer Squad
Construct Barracks
Selects Armored Battlegroup
Selects Veteran Crews
Riflemen Squad
Riflemen Squad
Riflemen Squad
Infantry Support Center
Construct Weapon Support Center
Selects Fast Deploy
M3 Armored Personnel Carrier
Construct Medical Station
M1 Mortar Team
Mortar Pit
M1918 Browning Automatic Rifles
Grenade Package
Selects M8 Scott SPG
M8 Scott SPG
Riflemen Squad
Construct Motor Pool
Selects Field Repairs
Selects War Machine
M24 Chaffee Light Tank
M1919 Machine Gun Team
Munitions Surplus
Advanced Logistics
M24 Chaffee Light Tank
M24 Chaffee Light Tank
Selects UNKNOWN (2160077)
Survival Training
Field Repairs
M24 Chaffee Light Tank
M24 Chaffee Light Tank
FeriG
Reakly
0
0
Comments
sign in to comment!
No comments posted yet!